[Event "Mistrovství Čech mládeže 2023 - HD14"]
[Site "Harrachov, Czech Republic"]
[Date "2023.10.28"]
[Round "9.1"]
[White "Váňa, Jan"]
[Black "Švadlenka, Dominik"]
[Result "1-0"]
[TimeControl "90m + 30s"]
[WhiteElo "1969"]
[BlackElo "1710"]

1. e4 c6 2. d4 d5 3. e5 c5 4. dxc5 e6 5. Be3 Nd7 6. Bb5 Ne7 7. Bd4 Nc6 8. Bxc6 bxc6 9. b4 a5 10.
a3 axb4 11. axb4 Rxa1 12. Bxa1 Ba6 13. Nf3 Qb8 14. Bc3 Be7 15. Qc1 O-O 16. Kd1 d4 17. Nxd4 Qxe5 18. Qe3 Qd5 19. Qf3 e5 20.
Qxd5 cxd5 21. Nc6 Bf6 22. f4 exf4 23. Bxf6 Nxf6 24. Kc1 Re8 25. Nc3 Bc4 26. Kb2 Ne4 27. Ra1 g5 28. Nd4 g4 29.
c6 Ng5 30. Nf5 f3 31. gxf3 gxf3 32. Nd6 Rf8 33. Nxc4 dxc4 34. Nd5 Ne4 35. c7 Re8 36. c8=Q Rxc8 37. Ne7+ Kf8 38. Nxc8 c3+ 39.
Ka3 Nd2 40. b5 Ke8 41. Nd6+ Kd7 42. Ne4 Nxe4 43. Kb4 f2 44. Rf1 Kc7 45. Ka5 Kb7 46. b6 f5 47. Kb5 h5 48. Ka5 h4 49.
Kb5 h3 50. Ka5 f4 51. Kb5 f3 52. Ka5 Nd2 53. Rxf2 Nc4+ 54. Kb4 Nd2 55. Kb5 Kb8 56. Kc6 Kc8 57. b7+ Kb8 58. Kb6 Nc4+ 59.
Kc5 Nd2 60. Kc6 Nc4 61. Kb5 Nd2 62. Ka6 1-0

[Event "Mistrovství Čech mládeže 2023 - HD14"]
[Site "Harrachov, Czech Republic"]
[Date "2023.10.28"]
[Round "9.2"]
[White "Roubal, Matyáš"]
[Black "Topenčík, Bruno"]
[Result "1/2-1/2"]
[TimeControl "90m + 30s"]
[WhiteElo "1884"]
[BlackElo "1832"]

1. e4 e6 2. d4 d5 3. Nc3 Nc6 4.
Nge2 Be7 5. g3 dxe4 6. Nxe4 Nf6 7. Bg2 O-O 8. O-O Rb8 9. c4 Nxe4 10. Bxe4 Bf6 11. Be3 Ne7 12. Nc3 Nf5 13.
Bxf5 exf5 14. Nd5 c6 15. Bf4 Ra8 16. Bc7 Qd7 17. Nxf6+ gxf6 18. Ba5 f4 19. Bc3 Qh3 20. Qf3 Qg4 21.
Qxf4 Qxf4 22. gxf4 Bh3 23. Rfe1 Kh8 24. Re3 Rg8+ 25. Rg3 Rae8 26. d5 Rxg3+ 27. fxg3 Kg7 28. dxc6 bxc6 29. Kf2 Kg6 30.
Rd1 Bg4 31. Rd6 Re6 32. Rxe6 Bxe6 33. b3 Bf5 34. a3 Bc2 35. b4 Bd3 36. c5 Kf5 37. Ke3 Bb5 38. Kf3 Ke6 39. Kg4 Be2+ 40.
Kh4 a6 41. g4 f5 42. Kg5 fxg4 43. f5+ Kd5 44. Kf6 Ke4 45. Kg5 1/2-1/2

[Event "Mistrovství Čech mládeže 2023 - HD14"]
[Site "Harrachov, Czech Republic"]
[Date "2023.10.28"]
[Round "9.3"]
[White "Migalko, Dmitriy"]
[Black "Pogorelskiy, Boris"]
[Result "1/2-1/2"]
[TimeControl "90m + 30s"]
[WhiteElo "1842"]
[BlackElo "1541"]

1. d4 Nf6 2. Nf3 e6 3. g3 b6 4. Bg2 Bb7 5. O-O Be7 6. c4 O-O 7. Nc3 d5 8. Ne5 c6 9. Qc2 dxc4 10.
Rd1 Nd5 11. Nxc4 Nd7 12. e4 Nxc3 13. Qxc3 Nf6 14. Bg5 Qc7 15. e5 Nd5 16. Bxd5 Bxg5 17. Bg2 Be7 18. b4 Rfd8 19. Ne3 Rac8 20.
Rac1 c5 21. bxc5 Bxg2 22. Kxg2 bxc5 23. dxc5 Qc6+ 24. Kg1 Rxd1+ 25. Rxd1 Qxc5 26. Qxc5 Rxc5 27. Rd7 Kf8 28. Rxa7 Rc1+ 29.
Kg2 Bc5 30. Ra8+ Ke7 31. Kf3 Bxe3 32. Kxe3 Re1+ 33. Kf4 Re2 34. Ra7+ Ke8 35. f3 Rxh2 36. a4 Re2 37. Ra8+ Ke7 38.
Ra7+ Ke8 39. Ra5 h6 40. Kg4 Re3 41. f4 Ra3 42. Ra8+ Ke7 43. a5 f5+ 44. exf6+ Kxf6 45. Ra6 h5+ 46. Kh4 Kf5 47. Ra7 g6 48.
Rf7+ Ke4 49. Rf6 Rxa5 50. Rxg6 Ra6 51. Kxh5 Kf5 52. Rg8 Kf6 53. Kg4 Ra5 54. Rh8 Kg6 55. Rb8 Rc5 56. Rb6 Kf6 57.
Ra6 Rb5 58. Kh4 Rf5 59. Ra8 Kg6 60. Re8 Kf6 61. Rf8+ Kg6 62. Rg8+ Kf6 63. g4 Ra5 64. Rb8 Ra4 65. Kh5 Kg7 66.
Kg5 Ra5+ 67. f5 exf5 68. gxf5 Ra7 69. Re8 Kf7 70. Re1 Ra2 1/2-1/2

[Event "Mistrovství Čech mládeže 2023 - HD14"]
[Site "Harrachov, Czech Republic"]
[Date "2023.10.28"]
[Round "9.4"]
[White "Křivka, Matěj"]
[Black "Švadlenka, Michal"]
[Result "1/2-1/2"]
[TimeControl "90m + 30s"]
[WhiteElo "1665"]
[BlackElo "1651"]

1. d4 Nf6 2. c4 g6 3. Nc3 Bg7 4. e4 d6 5. f4 O-O 6. Nf3 Na6 7. Bd3 e5 8. fxe5 dxe5 9. d5 c6 10.
O-O cxd5 11. cxd5 Nh5 12. Qe2 Nc5 13. Bc4 Bg4 14. h3 Ng3 15. Qe1 Bxf3 16. Rxf3 Nh5 17. Qf2 Rc8 18. b3 Nf4 19.
Bb2 b6 20. Rf1 Kh8 21. Kh2 f6 22. g3 1/2-1/2

[Event "Mistrovství Čech mládeže 2023 - HD14"]
[Site "Harrachov, Czech Republic"]
[Date "2023.10.28"]
[Round "9.5"]
[White "Slívová, Linda"]
[Black "Jakubše, Tamae Severína"]
[Result "0-1"]
[TimeControl "90m + 30s"]
[WhiteElo "1624"]
[BlackElo "1627"]

1. d4 Nf6 2. c4 g6 3. Nc3 d5 4. cxd5 Nxd5 5. e4 Nxc3 6. bxc3 Bg7 7. Rb1 c5 8. Nf3 O-O 9. Be2 Qa5 10.
Qd2 a6 11. O-O Nc6 12. Bb2 cxd4 13. cxd4 Qxd2 14. Nxd2 Nxd4 15. Bc4 b5 16. Bd5 Rb8 17. Ba3 Re8 18. Bc5 Bb7 19. Bxb7 Ne2+ 20. Kh1 Rxb7 21. a3 Rc8 22.
Nb3 Nc3 23. Rbe1 Na4 24. Bb4 Bc3 25. Rc1 Rbc7 26. Bxc3 Rxc3 27. Rxc3 Rxc3 28. Rb1 Nb6 29. g3 Nc4 30. a4 bxa4 31.
Nc5 a3 32. Nxa6 Nd2 33. Ra1 Nxe4 34. Ra2 Rb3 35. Kg2 Nc3 36. Nc5 Rb5 37. Rxa3 Rxc5 38. Kf3 Nd5 39. Rd3 Rc3 40. Rxc3 Nxc3 41.
Ke3 Nd5+ 42. Kd4 Nf6 43. h3 Kg7 44. Ke5 Nd7+ 45. Kf4 Kf6 46. Ke4 Nc5+ 47. Ke3 h5 0-1

[Event "Mistrovství Čech mládeže 2023 - HD14"]
[Site "Harrachov, Czech Republic"]
[Date "2023.10.28"]
[Round "9.6"]
[White "Krautschneider, Daniel Jan"]
[Black "Borecký, Andrej"]
[Result "1-0"]
[TimeControl "90m + 30s"]
[WhiteElo "1669"]
[BlackElo "1341"]

1. e4 c5 2. Nf3 Nc6 3. d4 cxd4 4. Nxd4 Nf6 5. Nc3 e5 6. Ndb5 d6 7. Nd5 Nxd5 8. exd5 Ne7 9. c4 f5 10.
Qa4 Kf7 11. Be2 g6 12. O-O Bg7 13. Qa3 Rf8 14. Nxd6+ Kg8 15. Bg5 h6 16. Nxc8 hxg5 17. Nxe7+ Kh7 18. d6 Rf6 19. c5 f4 20.
Bd3 b6 21. b4 a5 22. Be4 1-0

[Event "Mistrovství Čech mládeže 2023 - HD14"]
[Site "Harrachov, Czech Republic"]
[Date "2023.10.28"]
[Round "9.7"]
[White "Ježek, Jakub"]
[Black "Bělaška, Václav"]
[Result "1-0"]
[TimeControl "90m + 30s"]
[WhiteElo "1642"]
[BlackElo "1666"]

1. d4 e5 2. d5 f5 3. c4 Bc5 4. Nc3 Nf6 5. Nf3 d6 6. Bg5 a6 7. e4 h6 8. Bxf6 Qxf6 9. Bd3 f4 10.
Qc2 g5 11. h3 Nd7 12. a3 h5 13. O-O-O Nf8 14. b4 Ba7 15. c5 b5 16. cxd6 Qxd6 17. Bxb5+ Bd7 18. Bxd7+ Nxd7 19. Nxg5 c5 20.
b5 axb5 21. Nxb5 Qb6 22. Ne6 Bb8 23. a4 Rg8 24. d6 Ra5 25. Qc4 Rxg2 26. Rhg1 Rxg1 27. Rxg1 Bxd6 28. Rg8+ Bf8 29. Nbc7+ 1-0

[Event "Mistrovství Čech mládeže 2023 - HD14"]
[Site "Harrachov, Czech Republic"]
[Date "2023.10.28"]
[Round "9.8"]
[White "Rudlof, Adam"]
[Black "Chernyy, Andrey"]
[Result "1-0"]
[TimeControl "90m + 30s"]
[WhiteElo "1639"]
[BlackElo "1655"]

1. e4 c5 2. Nf3 d6 3. d4 cxd4 4.
Nxd4 Nf6 5. Nc3 g6 6. Be3 Bg7 7. Bc4 O-O 8. f3 Nc6 9. Bb3 Nxd4 10. Bxd4 Be6 11. Bxe6 fxe6 12. Qd2 a6 13.
O-O-O Nd7 14. Bxg7 Kxg7 15. h4 h6 16. f4 e5 17. g3 b5 18. h5 Qe8 19. Nd5 Rb8 20. Nc7 Qf7 21. hxg6 Qxa2 22.
Ne6+ Kf6 23. Qd5 Qxd5 24. exd5 Rg8 25. g7 Kg6 26. Rdf1 exf4 27. gxf4 Nf6 28. f5+ Kf7 29. Rxh6 Nxd5 30.
Kd2 a5 31. Re1 Rbc8 32. Rg6 Ke8 33. Nd4 Kf7 34. Ne6 Ke8 35. Rh1 Kf7 36. Ng5+ Ke8 37. Rh8 Kd7 38. Rxg8 Rxg8 39. Nf7 Nf4 40.
Rg5 Nh5 41. Rxh5 Rxg7 42. Ng5 Rg8 43. Kd3 Rf8 44. Ne6 Rg8 45. Nd4 Rg3+ 46. Ke4 b4 47. Rh8 a4 48. Rb8 a3 49. Rxb4 Rg4+ 50.
Kd5 axb2 51. Rxb2 Rg5 52. Rb7+ Ke8 53. Ke6 Kf8 54. Rxe7 Rg1 55. Kxd6 Rd1 56. Re4 Kf7 57. c4 Ra1 58.
c5 Ra8 59. c6 Ra7 60. c7 1-0

[Event "Mistrovství Čech mládeže 2023 - HD14"]
[Site "Harrachov, Czech Republic"]
[Date "2023.10.28"]
[Round "9.9"]
[White "Kammová, Kateřina"]
[Black "Stefaniv, Vladislav"]
[Result "1/2-1/2"]
[TimeControl "90m + 30s"]
[WhiteElo "1543"]
[BlackElo "1566"]

1. e4 c6 2. Nc3 d5 3. Qf3 dxe4 4. Nxe4 Nf6 5. Bc4 Nbd7 6. Qe2 Nxe4 7. Qxe4 Nf6 8. Qe2 Bg4 9. Nf3 e6 10.
c3 Be7 11. d4 Qc7 12. Bg5 O-O 13. O-O Nd5 14. Bxe7 1/2-1/2

[Event "Mistrovství Čech mládeže 2023 - HD14"]
[Site "Harrachov, Czech Republic"]
[Date "2023.10.28"]
[Round "9.10"]
[White "Chon, Jeremy"]
[Black "Pásek, Josef"]
[Result "1-0"]
[TimeControl "90m + 30s"]
[WhiteElo "1538"]
[BlackElo "1555"]

1. Nf3 d5 2. d4 e6 3. Bf4 Bd6 4. Bg3 c6 5. e3 f5 6. c4 Nf6 7. Bd3 Ne4 8. Bxd6 Qxd6 9. Nc3 O-O 10. O-O Nd7 11.
Rc1 b6 12. Qb3 Kh8 13. Rfd1 g6 14. Ne2 Rb8 15. Rc2 Bb7 16. cxd5 cxd5 17. Nc3 Nxc3 18. bxc3 Rfc8 19. Be2 Bc6 20.
Bb5 Bxb5 21. Qxb5 Ra8 22. Rdc1 a6 23. Qb4 Qxb4 24. cxb4 Rxc2 25. Rxc2 a5 26. b5 Kg8 27. Rc6 Re8 28. Ng5 e5 29. Rd6 Re7 30. Rxd5 exd4 31.
Rxd4 h6 32. Nf3 Nc5 33. Rd8+ Kf7 34. g3 Na4 35. Nd4 Nc3 36. Rb8 Nxa2 37. Rxb6 Nc3 38. Rc6 Nd5 39. Ra6 Rb7 40. Rxa5 Nc3 41.
Kf1 Ke7 42. Ke1 Kf7 43. f3 1-0

[Event "Mistrovství Čech mládeže 2023 - HD14"]
[Site "Harrachov, Czech Republic"]
[Date "2023.10.28"]
[Round "9.11"]
[White "Kravchenko, Andrey"]
[Black "Bludský, Hynek"]
[Result "1-0"]
[TimeControl "90m + 30s"]
[WhiteElo "1541"]
[BlackElo "1547"]

1. c4 e5 2. Nc3 Nf6 3. Nf3 Nc6 4.
d4 exd4 5. Nxd4 d6 6. e4 g6 7. Be2 Bg7 8. Be3 O-O 9. O-O Bd7 10. f3 Re8 11. Rc1 Nxd4 12. Bxd4 Bc6 13. Qd2 a5 14.
b3 Nd7 15. Bxg7 Kxg7 16. Rb1 Nc5 17. Rfc1 Qf6 18. Bd1 Qe5 19. Bc2 Ra7 20. a3 Ne6 21. Kh1 Qd4 22. Rd1 Qxd2 23. Rxd2 Rb8 24.
a4 Nc5 25. Nd5 Bxd5 26. exd5 Re8 27. Kg1 Re3 28. Kf2 Rc3 29. Re2 Nd3+ 30. Bxd3 Rxd3 31. Re7 Rd2+ 32. Kg3 b6 33. Rd7 Rd3 34.
Re1 Ra8 35. Ree7 Rf8 36. Rxc7 Rxb3 37. Red7 h5 38. h4 Kf6 39. Rxd6+ Ke5 40. Rdc6 g5 41. Re7+ Kf5 42. hxg5 Kxg5 43.
Re5+ f5 44. d6 h4+ 45. Kh2 Kf4 46. Re2 Rd3 47. Rxb6 h3 48. c5 hxg2 49. Kxg2 Rxf3 50. Rf2 Rxf2+ 51. Kxf2 Ke5 52. Rb5 Ra8 53.
Rb7 Kd5 54. Rc7 Rd8 55. d7 1-0

[Event "Mistrovství Čech mládeže 2023 - HD14"]
[Site "Harrachov, Czech Republic"]
[Date "2023.10.28"]
[Round "9.12"]
[White "Mikulka, Martin Michael"]
[Black "Tejnor, Martin"]
[Result "1/2-1/2"]
[TimeControl "90m + 30s"]
[WhiteElo "1826"]
[BlackElo "1418"]

1. e4 c5 2. Nf3 Nc6 3. d4 cxd4 4. Nxd4 Nf6 5. Nc3 e6 6. Ndb5 d6 7. Bf4 e5 8. Bg5 a6 9. Na3 Be7 10.
Bxf6 Bxf6 11. Nc4 Be7 12. Nd5 Be6 13. Nxe7 Kxe7 14. c3 Qc7 15. Ne3 Rhd8 16. Be2 Kf8 17. O-O Rac8 18. Kh1 Ne7 19.
Nd5 Qc6 20. Bg4 Nxd5 21. exd5 Bxg4 22. dxc6 Bxd1 23. cxb7 Rb8 24. Raxd1 Rxb7 25. Rd2 Ke7 26. Rfd1 Ke6 27. Kg1 d5 28.
f3 f6 29. Kf2 Rd6 30. Ke3 Rd8 31. f4 Rbd7 32. g4 h6 33. f5+ Ke7 34. a4 Rd6 35. h3 1/2-1/2

[Event "Mistrovství Čech mládeže 2023 - HD14"]
[Site "Harrachov, Czech Republic"]
[Date "2023.10.28"]
[Round "9.13"]
[White "Čech, Nicolas"]
[Black "Bělaška, Adam"]
[Result "0-1"]
[TimeControl "90m + 30s"]
[WhiteElo "1399"]
[BlackElo "1503"]

1. e4 c5 2. Nf3 d6 3. d4 cxd4 4. Nxd4 Nf6 5. Nc3 a6 6. f4 e6 7. Bd3 b5 8. Be3 Bb7 9. Qf3 Nbd7 10.
O-O Be7 11. Rae1 Nc5 12. Bf2 Nxd3 13. cxd3 Nd7 14. Qh5 Nc5 15. Rd1 b4 16. Nce2 a5 17. Nf3 Ba6 18. Bxc5 dxc5 19. Ne5 O-O 20.
Rf3 f6 21. Nc6 Qe8 22. Nxe7+ Qxe7 23. Rh3 g6 24. Qh4 Rf7 25. Qf2 Rd8 26. Nc1 c4 27. Qc2 Qa7+ 28. Kh1 Rfd7 29. Qd2 Qd4 30.
Ne2 Qxe4 31. Re3 Rxd3 32. Rxe4 Rxd2 33. Rxd2 Rxd2 34. Rxe6 Bb7 35. Kg1 Rxb2 0-1

[Event "Mistrovství Čech mládeže 2023 - HD14"]
[Site "Harrachov, Czech Republic"]
[Date "2023.10.28"]
[Round "9.14"]
[White "Malý, Jiří"]
[Black "Denko, Otakar"]
[Result "1/2-1/2"]
[TimeControl "90m + 30s"]
[WhiteElo "1490"]
[BlackElo "1417"]

1. e4 c6 2. c4 d5 3. cxd5 cxd5 4. exd5 Qxd5 5.
Nc3 Qd8 6. d4 Nf6 7. Nf3 e6 8. Bf4 a6 9. Bd3 Nc6 10. O-O Bd6 11. Bxd6 Qxd6 12. Ne4 Nxe4 13. Bxe4 O-O 14. Qd2 h6 15. Rac1 Bd7 16. Rfd1 Rab8 17. d5 Ne5 18. dxe6 Qxe6 19. Qd6 Nxf3+ 20. Bxf3 Qxd6 21. Rxd6 Be6 22. a3 Rfc8 23. Rdd1 Rxc1 24. Rxc1 b6 25. h3 a5 26. Rc7 g6 27. Kf1 Rc8 28.
Rxc8+ Bxc8 29. h4 Kf8 30. g3 f6 31. Ke1 Ke7 32. Kd2 g5 33. hxg5 fxg5 34. Ke3 Kd6 1/2-1/2

[Event "Mistrovství Čech mládeže 2023 - HD14"]
[Site "Harrachov, Czech Republic"]
[Date "2023.10.28"]
[Round "9.15"]
[White "Jun, Rostislav"]
[Black "Petrášek, Jiří"]
[Result "0-1"]
[TimeControl "90m + 30s"]
[WhiteElo "1360"]
[BlackElo "1423"]

1. g3 d5 2. Bg2 Nf6 3. d4 c6 4. Nc3 Bf5 5. f4 e6 6. e3 Bb4 7. Bd2 Nbd7 8. Nge2 O-O 9. a3 Ba5 10.
b4 Bc7 11. O-O Nb6 12. Nc1 Nc4 13. Nd3 Bg4 14. Bf3 Bxf3 15. Rxf3 Ne4 16. Be1 f5 17. Ne5 Bxe5 18. dxe5 Qc7 19.
Qe2 b5 20. Rf1 Qb6 21. Rf3 d4 22. Nxe4 fxe4 23. Rf2 Nxe3 24. Kh1 Rad8 25. Qd2 Nc4 26. Qc1 e3 27. Rg2 Qb7 28. Kg1 Qb6 29.
Kh1 c5 30. Kg1 Rf7 31. bxc5 Qxc5 32. Ba5 Nxa5 0-1

[Event "Mistrovství Čech mládeže 2023 - HD14"]
[Site "Harrachov, Czech Republic"]
[Date "2023.10.28"]
[Round "9.16"]
[White "Jančík, Vojtěch"]
[Black "Seidl, Václav"]
[Result "0-1"]
[TimeControl "90m + 30s"]
[WhiteElo "1219"]
[BlackElo "1478"]

1. e4 c5 2. Nf3 d6 3. d4 cxd4 4. Nxd4 Nf6 5. Nc3 a6 6. Be3 e5 7. Nb3 Be6 8. f3 Be7 9. Nd5 Nxd5 10.
exd5 Bf5 11. Bd3 Bxd3 12. Qxd3 Nd7 13. O-O O-O 14. Rfe1 Bg5 15. a4 Bxe3+ 16. Rxe3 f5 17. a5 Qc7 18.
Qd2 Rac8 19. Rc3 Qb8 20. Ra4 Rc7 21. Rac4 Rfc8 22. Qd3 Rxc4 23. Rxc4 g6 24. g3 Rc7 25. Qc3 Rxc4 26. Qxc4 Qd8 27.
Kg2 Nf6 28. h3 Ne8 29. Qb4 Qc7 30. c4 Nf6 31. Nd2 Nd7 32. Qc3 b6 33. axb6 Nxb6 34. Qd3 Qc5 35. b3 a5 36. Qc3 Nxd5 37.
Qa1 Ne3+ 38. Kh2 Nc2 39. Qa4 Qf2+ 40. Kh1 Qe1+ 41. Kh2 Qxd2+ 42. Kh1 Qe1+ 43. Kh2 Qf2+ 44. Kh1 Qxf3+ 45. Kh2 Qb7 46.
b4 Ne3 0-1

[Event "Mistrovství Čech mládeže 2023 - HD14"]
[Site "Harrachov, Czech Republic"]
[Date "2023.10.28"]
[Round "9.17"]
[White "Holeš, Vojta"]
[Black "Stibor, Ondřej"]
[Result "0-1"]
[TimeControl "90m + 30s"]
[WhiteElo "1440"]
[BlackElo "1170"]

1. e4 e5 2. Nf3 Nc6 3. d4 exd4 4.
Bc4 Nf6 5. O-O d5 6. exd5 Nxd5 7. Nxd4 Nb6 8. Bb5 Bd7 9. Re1+ Be7 10. Bxc6 Bxc6 11. Qg4 O-O 12. Bh6 Bf6 13. Nxc6 bxc6 14.
Nc3 Bxc3 15. bxc3 Qf6 16. Bf4 Rfe8 17. Qg3 Nd5 18. Bxc7 Nxc7 19. Qxc7 Qxc3 20. Rec1 h6 21. h3 Re2 22.
Qb7 Rae8 23. Qb3 Qd2 24. Qf3 R8e6 25. Rd1 Qxc2 26. Rac1 Qxa2 27. Rd7 Rf6 28. Qd3 g6 29. Qg3 Rfxf2 30. Ra1 0-1

[Event "Mistrovství Čech mládeže 2023 - HD14"]
[Site "Harrachov, Czech Republic"]
[Date "2023.10.28"]
[Round "9.18"]
[White "Hrdlička, Jan"]
[Black "Ugrenovich, Jaroslav"]
[Result "1/2-1/2"]
[TimeControl "90m + 30s"]
[WhiteElo "1418"]
[BlackElo "1277"]

1. e4 c5 2. Nf3 d6 3. d4 cxd4 4. Nxd4 Nf6 5. Nc3 a6 6. f3 e6 7. Be3 Be7 8. Qd2 Nbd7 9. O-O-O O-O 10.
g4 b5 11. Nc6 Qe8 12. g5 Nh5 13. Nxe7+ Qxe7 14. Qxd6 Qxd6 15. Rxd6 Rd8 16. Be2 g6 17. Rhd1 Ng7 18. f4 Rb8 19.
Bf3 Ne8 20. R6d2 Ng7 21. Ne2 Re8 22. Rxd7 Bxd7 23. Rxd7 Red8 24. Rxd8+ Rxd8 25. Ng3 Ne8 26. e5 Nc7 27. Ne4 Nd5 28.
Nf6+ Nxf6 29. gxf6 h5 30. h4 Rd7 31. b3 Kh7 32. c3 Rd3 33. Bb7 Rxe3 34. Kd2 Rh3 35. Bxa6 Rxh4 36. Bxb5 Rxf4 37.
Ke3 Rh4 38. c4 Rh3+ 39. Kf4 Rh2 40. a4 Rb2 41. a5 Rxb3 42. a6 h4 43. Be8 Kg8 44. c5 Ra3 45. c6 Ra4+ 46. Kg5 Rxa6 47.
c7 Ra8 48. Bd7 h3 49. c8=Q+ Rxc8 50. Bxc8 Kf8 51. Bd7 Kg8 52. Bc6 Kh7 53. Be4 h2 54. Bf3 Kh8 55. Kg4 Kh7 56. Kg3 Kh6 57.
Kxh2 Kg5 58. Be4 Kf4 59. Bxg6 Kxe5 60. Bxf7 Kxf6 61. Bxe6 1/2-1/2